 Dungeon Crawl Stone Soup version 0.22-a0-379-ga9d99d62ad (webtiles) character file.

6440 Majang the Ruffian (level 10, -1/129 HPs)
             Began as a Troll Fire Elementalist on Apr 28, 2018.
             Was a Priest of Cheibriados.
             Slain by a two-headed ogre
             ... wielding a +0 giant club
              (7 damage)
             ... on level 9 of the Dungeon.
             The game lasted 00:57:55 (9783 turns).

Majang the Ruffian (Troll Fire Elementalist)        Turns: 9783, Time: 00:57:55

Health: -1/129     AC: 25    Str: 26    XL:     10   Next: 67%
Magic:  15/18      EV:  1    Int: 22    God:    Cheibriados [***...]
Gold:   443        SH:  0    Dex: 18    Spells: 8/21 levels left

rFire    + . .     SeeInvis +     - Unarmed
rCold    + . .     Gourm    +   (no shield)
rNeg     + + +     Faith    .   (armour currently unavailable)
rPois    +         Spirit   .   (helmet currently unavailable)
rElec    +         Reflect  .   (cloak currently unavailable)
rCorr    +         Harm     .   (gloves unavailable)
MR       +....     NoTele   +   (boots unavailable)
Stlth    ++........             (no amulet)
HPRegen  1.11/turn              j - ring of see invisible
MPRegen  0.16/turn              b - ring of protection from magic

@: tree-form, resistant, very slow
A: large, unfitting armour, fast metabolism 3, frail 1, gourmand, regeneration
2, subdued magic 1
a: Bend Time, Temporal Distortion, Renounce Religion


You were on level 9 of the Dungeon.
You worshipped Cheibriados.
Cheibriados was most pleased with you.
You were completely stuffed.
You were a tree.
You visited 2 branches of the dungeon, and saw 10 of its levels.

You collected 443 gold pieces.

Inventory:

Armour
 a - a +0 robe (melded)
 q - a +0 hat (melded)
Jewellery
 b - a ring of protection from magic (right branch)
 j - a ring of see invisible (left branch)
Wands
 m - a wand of paralysis (7)
 n - a wand of iceblast (15)
 o - a wand of flame (28)
Scrolls
 f - a scroll of enchant weapon
 h - a scroll of identify
 i - a scroll of immolation
 k - 3 scrolls of fog
 l - 3 scrolls of remove curse
 p - a scroll of torment {unknown}
 r - 2 scrolls of magic mapping
Potions
 e - a potion of curing
 g - a potion of magic
Comestibles
 c - 16 rations
 d - a chunk of flesh


   Skills:
 + Level 5.2 Fighting
 - Level 1.5 Dodging
 - Level 1.0 Stealth
 + Level 6.2 Unarmed Combat
 * Level 6.0 Spellcasting
 + Level 4.8 Conjurations
 + Level 5.2 Fire Magic
 + Level 3.7 Invocations


You had 8 spell levels left.
You knew the following spells:

 Your Spells              Type           Power        Failure   Level  Hunger
a - Flame Tongue          Conj/Fire      ###..        1%          1    None
b - Conjure Flame         Conj/Fire      ###.....     2%          3    #......
c - Sticky Flame          Conj/Fire      ###.....     10%         4    ###....
d - Fireball              Conj/Fire      ###.......   28%         5    #####..


Dungeon Overview and Level Annotations

Branches:
Dungeon (9/15)             Temple (1/1) D:6
   Lair: D:8-11         Orc: D:9-12

Altars:
Ashenzari
Cheibriados
Dithmenos
Elyvilon
Fedhas
Gozag
Hepliaklqana
Kikubaaqudgha
Makhleb
Nemelex Xobeh
Okawaru
Qazlal
Ru
Sif Muna
Trog
Uskayaw
Vehumet
Wu Jian
Xom
Yredelemnul
Zin
The Shining One

Shops:
D:6 %

Annotations:
D:6 Prince Ribbit


Innate Abilities, Weirdness & Mutations

You are too large for most types of armour.
((You have claws for hands.))
Your metabolism is lightning-fast.
You like to eat raw meat.
You heal very quickly.
((You are covered in fur. (AC +1)))
((You have very tough skin. (AC +2)))
((You are partially covered in iridescent scales. (AC +2)))
You are frail. (-10% HP)
Your spells are a little easier to cast, but a little less powerful.


Message History

The two-headed ogre is heavily wounded.
The two-headed ogre hits you with a giant club!
* * * LOW HITPOINT WARNING * * *
The two-headed ogre hits you with a giant club.
* * * LOW HITPOINT WARNING * * *
You claw the two-headed ogre! Your claw misses the two-headed ogre.
The two-headed ogre is heavily wounded.
Evoke which item? (* to show all) (? for menu, Esc to quit)
Okay, then.
It was a potion of resistance.
You feel protected. The two-headed ogre misses you.
The two-headed ogre hits you with a giant club!
* * * LOW HITPOINT WARNING * * *
You turn into a tree.
Your +0 hat melds into your body.
Your +0 robe melds into your body.
Your roots penetrate the ground.
You smack the two-headed ogre!
The two-headed ogre is severely wounded.
The two-headed ogre hits you with a giant club!
You die...

#............
####.##
#...........#
#......
#...........#
#......
#...........#
#......
#...........#
#......
#...........#
#......
#.....Y.....#
#...... #O#
........ #♣#
##...... #.##
####### #..#
##.# #.#
######'####
#.........#
#######.###
#.>...#...#


You could see a two-headed ogre and an ice beast.

Vanquished Creatures
  Pikel (D:5)
  A queen bee (D:9)
  Grinder (D:5)
  A hippogriff (D:8)
  A wyvern (D:8)
  Edmund (D:5)
  A slave (D:4)
  2 ice beasts
  3 orc warriors (D:8)
  4 sky beasts
  6 ogres
  A phantom (D:5)
  3 centaurs
  2 big kobolds
  Blork the orc (D:5)
  3 bullfrogs
  2 gnoll sergeants (D:9)
  2 water moccasin skeletons
  A water moccasin zombie (D:6)
  2 scorpions
  24 killer bees
  10 wights
  4 crimson imps
  2 bullfrog zombies
  2 bullfrog skeletons (D:7)
  A centaur skeleton (D:4)
  3 orc priests
  7 hounds
  4 orc wizards
  Ijyb (D:5)
  3 iguanas
  6 worker ants
  2 hound zombies (D:5)
  2 hound skeletons
  9 adders
  8 gnolls (D:9)
  2 shadow imps
  2 adder skeletons
  2 worms (D:2)
  2 dart slugs
  6 leopard geckos
  31 orcs
  7 bats
  6 giant cockroaches
  4 hobgoblins
  7 jackals
  4 quokkas
  6 ball pythons
  10 frilled lizards
  8 goblins
  15 kobolds
  A leopard gecko zombie (D:6)
  A quokka zombie (D:7)
  7 rats
248 creatures vanquished.

Vanquished Creatures (others)
  A centaur (D:5)
  2 orc wizards (D:5)
  2 orcs (D:5)
  A kobold (D:5)
6 creatures vanquished.

Grand Total: 254 creatures vanquished

Notes
Turn   | Place    | Note
-------+----------+-------------------------------------------
     0 | D:1      | Majang the Troll Fire Elementalist began the quest for the Orb.
     0 | D:1      | Reached XP level 1. HP: 16/16 MP: 1/1
   249 | D:1      | Reached XP level 2. HP: 24/24 MP: 0/3
   464 | D:1      | Reached skill level 1 in Conjurations
   915 | D:2      | Reached XP level 3. HP: 32/32 MP: 0/4
   985 | D:2      | Found a basalt altar of Yredelemnul.
  1064 | D:2      | Reached skill level 1 in Unarmed Combat
  1267 | D:2      | Reached skill level 1 in Fighting
  1267 | D:2      | Reached XP level 4. HP: 32/41 MP: 5/5
  1422 | D:2      | Reached XP level 5. HP: 48/48 MP: 7/7
  1430 | D:2      | Learned a level 3 spell: Conjure Flame
  1435 | D:2      | Learned a level 4 spell: Sticky Flame
  1701 | D:3      | Found a white marble altar of Elyvilon.
  2347 | D:4      | Reached XP level 6. HP: 49/57 MP: 6/8
  2426 | D:3      | HP: 4/85 [poisoned by a worker ant]
  2431 | D:3      | HP: 2/57 [poisoned by a worker ant]
  2436 | D:3      | HP: 1/57 [poisoned by a worker ant]
  2442 | D:3      | HP: 1/57 [poisoned by a worker ant]
  2846 | D:4      | Reached XP level 7. HP: 63/65 MP: 7/10
  3495 | D:5      | Entered Level 5 of the Dungeon
  3495 | D:5      | Noticed Pikel
  3527 | D:4      | Gained mutation: You heal very quickly. [potion of mutation]
  3527 | D:4      | Gained mutation: Your spells are a little easier to cast, but a little less powerful. [potion of mutation]
  3527 | D:4      | Gained mutation: You are frail. (-10% HP) [potion of mutation]
  3527 | D:4      | Gained mutation: You are partially covered in iridescent scales. (AC +2) [potion of mutation]
  3633 | D:5      | Found an iron altar of Okawaru.
  3722 | D:5      | Noticed Grinder
  3756 | D:5      | Killed Grinder
  3783 | D:5      | Noticed Ijyb
  3784 | D:5      | Noticed Blork the orc
  3806 | D:5      | Killed Ijyb
  3811 | D:5      | Noticed Edmund
  4103 | D:5      | Reached XP level 8. HP: 66/66 MP: 12/12
  4160 | D:5      | Killed Edmund
  4288 | D:5      | Killed Blork the orc
  4369 | D:5      | Killed Pikel
  4409 | D:5      | Found a glowing golden altar of the Shining One.
  4691 | D:5      | Reached XP level 9. HP: 57/75 MP: 10/14
  4994 | D:6      | Found a staircase to the Ecumenical Temple.
  5004 | Temple   | Entered the Ecumenical Temple
  5026 | Temple   | Became a worshipper of Cheibriados the Contemplative
  5504 | D:6      | Found Itoluk's Food Boutique.
  5527 | D:6      | Noticed Prince Ribbit
  5539 | D:6      | Reached skill level 1 in Invocations
  5688 | D:6      | Reached * piety under Cheibriados
  6045 | D:7      | HP: 3/75 [poisoned by a killer bee]
  6050 | D:7      | HP: 1/75 [poisoned by a killer bee]
  6055 | D:7      | HP: 1/75 [poisoned by a killer bee]
  6060 | D:7      | HP: 2/75 [poisoned by a killer bee]
  6178 | D:7      | Found a shattered altar of Ashenzari.
  6202 | D:7      | Reached skill level 5 in Spellcasting
  6213 | D:7      | Reached skill level 5 in Unarmed Combat
  6276 | D:7      | Found a radiant altar of Vehumet.
  6412 | D:7      | Found a blossoming altar of Fedhas.
  6427 | D:7      | Found a glowing silver altar of Zin.
  6771 | D:7      | Found a bloodstained altar of Trog.
  6980 | D:7      | Learned a level 5 spell: Fireball
  7454 | D:8      | Found a sacrificial altar of Ru.
  7559 | D:8      | Reached ** piety under Cheibriados
  7764 | D:8      | Reached XP level 10. HP: 84/84 MP: 11/17
  8772 | D:8      | Reached *** piety under Cheibriados
  8910 | D:8      | Reached skill level 5 in Fire Magic
  9238 | D:9      | Reached skill level 5 in Fighting
  9575 | D:9      | Reached **** piety under Cheibriados
  9769 | D:9      | Noticed a two-headed ogre
  9781 | D:9      | HP: 3/86 [two-headed ogre/giant club (13)]
  9783 | D:9      | Slain by a two-headed ogre

Vault maps used:
D:1:      lemuel_arrival_behind_the_door_small, kennysheep_boxes
D:2:      lemuel_crystal_altar, first_ration, minivault_23
D:3:      nicolae_overflow_crystal_walls
D:5:      cheibrodos_thug_alley, lemuel_doored_altar, basic_altar,
          kennysheep_generic_room_4, uniq_ijyb, uniq_pikel, uniq_blork_the_orc,
          uniq_grinder, uniq_edmund
D:6:      minmay_temple_entry_purple_smoke, serial_shops, shop,
          uniq_prince_ribbit1
D:7:      evilmike_ruin_ashenzari, nicolae_overflow_hidden_temple,
          zin_scriptorium, lightli_temple_of_fire, basic_altar
D:8:      nicolae_ru_great_annihilating_truth, special_room
D:9:      minmay_orc_entry_temple_large, david_nohive_1
Temple:   eino_temple_water

Skill      XL: |  1  2  3  4  5  6  7  8  9 10 |
---------------+-------------------------------+-----
Conjurations   | 1 2 3 4 |  4.8
Unarmed Combat | 1 2 3 4 5 6 |  6.2
Fighting       | 1 2 3 4 5 |  5.2
Spellcasting   | 2 3 4 5 6 |  6.0
Fire Magic     | 3 4 5 |  5.2
Invocations    | 2 3 |  3.7
Dodging        | |  1.5
Stealth        | |  1.0

Action                   |  1- 3 |  4- 6 |  7- 9 | 10-12 || total
-------------------------+-------+-------+-------+-------++-------
Melee: Unarmed           |   131 |   119 |   415 |   189 ||   854
       Punch             |       |     2 |     5 |     2 ||     9
 Cast: Flame Tongue      |    12 |    11 |    84 |    93 ||   200
       Conjure Flame     |       |       |     9 |    10 ||    19
Invok: Bend Time         |       |       |       |     4 ||     4
       Slouch            |       |       |       |     1 ||     1
 Abil: Evoke Berserk Rag |       |       |     5 |       ||     5
Evoke: Wand              |       |       |       |    15 ||    15
  Use: Scroll            |       |     3 |     6 |     6 ||    15
       Potion            |       |     3 |     3 |     6 ||    12
 Stab: Sleeping          |     1 |     4 |     1 |     2 ||     8
       Paralysed         |       |       |     2 |     5 ||     7
       Distracted        |       |       |       |     1 ||     1
  Eat: Chunk             |    18 |    12 |    48 |    11 ||    89
Armor: Robe              |    55 |    41 |   118 |    51 ||   265
       Skin              |       |       |       |    10 ||    10
Dodge: Dodged            |    72 |    60 |   186 |   101 ||   419

Table legend:
 A = Spawn XP
 B = Non-spawn XP
 C = Spawn XP percentage of total XP
 D = Spawn monster count
 E = Non-spawn monster count
 F = Spawn count percentage of total count
 G = Total turns spent on level
                    A         B        C        D         E        F      G
               +---------+---------+-------+---------+---------+-------+---------
         Total |       0 |    9200 |   0.0 |       0 |     247 |   0.0 |  9783
               +---------+---------+-------+---------+---------+-------+---------
           D:1 |       0 |      36 |   0.0 |       0 |      23 |   0.0 |   848
           D:2 |       0 |     209 |   0.0 |       0 |      30 |   0.0 |   829
           D:3 |       0 |     148 |   0.0 |       0 |      16 |   0.0 |   803
           D:4 |       0 |     399 |   0.0 |       0 |      14 |   0.0 |  1140
           D:5 |       0 |    2098 |   0.0 |       0 |      36 |   0.0 |  1372
           D:6 |       0 |     729 |   0.0 |       0 |      14 |   0.0 |   768
           D:7 |       0 |    1168 |   0.0 |       0 |      26 |   0.0 |  1545
           D:8 |       0 |    1972 |   0.0 |       0 |      41 |   0.0 |  1703
           D:9 |       0 |    2395 |   0.0 |       0 |      46 |   0.0 |   687
        Temple |       0 |      46 |   0.0 |       0 |       1 |   0.0 |    88
               +---------+---------+-------+---------+---------+-------+---------
